 Dungeon Crawl Stone Soup version 0.27-a0-1196-g3e9cee4cb2 (webtiles) character file.

Game seed: 18221625911341733178

235 Tocho the Bolt Thrower (level 6, -8/36 HPs)
             Began as a Kobold Hunter on May 30, 2021.
             Mangled by an iguana (9 damage)
             ... on level 5 of the Dungeon.
             The game lasted 00:12:30 (4953 turns).

Tocho the Bolt Thrower (Kobold Hunter)              Turns: 4953, Time: 00:12:31

Health: -8/36      AC:  5    Str: 11    XL:     6   Next: 27%
Magic:  6/6        EV: 15    Int: 12    God:
Gold:   139        SH:  0    Dex: 22    Spells: 5/5 levels left

rFire    . . .     SeeInvis .   a - +1 hand crossbow
rCold    . . .     Faith    .   (shield restricted)
rNeg     . . .     Spirit   .   c - +0 leather armour
rPois    .         Reflect  .   h - +0 helmet
rElec    .         Harm     .   (no cloak)
rCorr    .         Rampage  .   (no gloves)
Will     .....                  e - +0 pair of boots
Stlth    ++++......             (no amulet)
HPRegen  0.12/turn              l - +6 ring of dexterity
MPRegen  0.10/turn              (no ring)

@: no status effects
A: small, no large weapons, nightstalker 3
a: no special abilities


You were on level 5 of the Dungeon.
You visited 1 branch of the dungeon, and saw 5 of its levels.

You collected 139 gold pieces.

Inventory:

Hand Weapons
 a - a +1 hand crossbow (weapon)
 b - a +0 short sword
Missiles
 d - 40 bolts (quivered ammo)
 f - 5 silver boomerangs
Armour
 c - a +0 leather armour (worn)
 e - a +0 pair of boots (worn)
 h - a +0 helmet (worn)
Jewellery
 l - a +6 ring of dexterity (left hand)
 o - a ring of poison resistance
Scrolls
 g - 3 scrolls of magic mapping {unknown}
 i - 3 scrolls of teleportation
 j - 3 scrolls of enchant armour
 k - a scroll of identify
 m - a scroll of silence {unknown}
 p - 2 scrolls of fear
 q - a scroll of holy word {unknown}
Potions
 n - a potion of invisibility
 r - a potion of lignification {unknown}
 s - a potion of berserk rage {unknown}


   Skills:
 + Level 2.7 Fighting
 + Level 2.8 Short Blades
 + Level 6.5 Crossbows
 + Level 1.6 Armour
 * Level 2.9 Dodging
 + Level 3.2 Stealth


You had 5 spell levels left.
You didn't know any spells.
Your spell library contained the following spells:

 Spells                   Type           Power      Damage    Failure   Level
 Confusing Touch          Hex            0%         N/A       78%         3
 Gell's Gravitas          Tloc           0%         N/A       78%         3
 Petrify                  Tmut/Erth      0%         N/A       99%         4
 Metabolic Englaciation   Hex/Ice        0%         N/A       100%        5
 Yara's Violent Unravell  Hex/Tmut       0%         3d3       100%        5


Dungeon Overview and Level Annotations

Branches:
Dungeon (5/15)
 Temple: D:4-7

Altars:
Yredelemnul
The Shining One

Annotations:
D:4 3 runed translucent doors, siradein's ghost, amateur DsGl


Innate Abilities, Weirdness & Mutations

You are small and have problems with some larger weapons.
You are completely attuned to the shadows.


Message History

Press: ? - help, Q - select action Shift-Dir - straight line, f/p - iguana
Aim: an iguana (lightly wounded, 68% to hit)
You throw a silver boomerang.
The silver boomerang barely misses the iguana.
Throw: 5 boomerangs (silver)
Press: ? - help, Q - select action Shift-Dir - straight line, f/p - iguana
Aim: an iguana (lightly wounded, 68% to hit)
You throw a silver boomerang. The silver boomerang hits the iguana.
The iguana is lightly wounded.
The iguana barely misses you.
Throw: 5 boomerangs (silver)
Press: ? - help, Q - select action Shift-Dir - straight line, f/p - iguana
Aim: an iguana (lightly wounded, 68% to hit)
You throw a silver boomerang.
The silver boomerang barely misses the iguana.
The iguana barely misses you. The iguana bites you!
Throw: 5 boomerangs (silver)
Press: ? - help, Q - select action Shift-Dir - straight line, f/p - iguana
Aim: an iguana (lightly wounded, 68% to hit)
You throw a silver boomerang.
The silver boomerang barely misses the iguana.
The iguana bites you!
Okay, then.
a - a +1 hand crossbow (weapon)
Fire: 42 bolts
Press: ? - help, Q - select action, (/) - cycle Shift-Dir - straight line, f/p - iguana
Aim: an iguana (lightly wounded, 73% to hit)
You shoot a bolt. The bolt barely misses the iguana.
The iguana misses you.
Unknown command.
Fire: 41 bolts
Press: ? - help, Q - select action, (/) - cycle Shift-Dir - straight line, f/p - iguana
Aim: an iguana (lightly wounded, 73% to hit)
You shoot a bolt.
The bolt hits the iguana but does no damage.
The iguana is lightly wounded.
The iguana bites you!
* * * LOW HITPOINT WARNING * * *
The iguana bites you!
You die...

+###.....
.........
..........
..........
.....@.#
..^..l.#
.......#
.......#
.....(.#
.......#
.......#


You could see an iguana.

Vanquished Creatures
  A water moccasin zombie (D:4)
  A hound (D:4)
  An orc wizard (D:3)
  Terence (D:3)
  A howler monkey zombie (D:4)
  An adder (D:4)
  2 adder zombies (D:4)
  A dart slug (D:2)
  3 orcs (D:3)
  4 ball pythons
  4 bats
  11 endoplasms
  5 giant cockroaches
  8 goblins
  8 hobgoblins
  A quokka (D:1)
  3 frilled lizards
  10 kobolds
  7 rats
  A bush (D:2)
74 creatures vanquished.

Vanquished Creatures (others)
  3 fungi (D:4)
  15 plants
18 creatures vanquished.

Grand Total: 92 creatures vanquished

Notes
Turn   | Place    | Note
-------+----------+-------------------------------------------
     0 | D:1      | Tocho the Kobold Hunter began the quest for the Orb.
     0 | D:1      | Reached XP level 1. HP: 12/12 MP: 1/1
    36 | D:1      | Reached skill level 5 in Crossbows
   100 | D:1      | Reached XP level 2. HP: 17/17 MP: 2/2
   534 | D:1      | Reached XP level 3. HP: 21/21 MP: 3/3
   622 | D:1      | Found a faded altar of an unknown god.
  1050 | D:2      | Reached skill level 6 in Crossbows
  1480 | D:2      | Reached XP level 4. HP: 26/26 MP: 4/4
  2525 | D:3      | Found a glowing golden altar of the Shining One.
  2901 | D:3      | Noticed Terence
  2919 | D:3      | Killed Terence
  3783 | D:3      | Reached skill level 1 in Short Blades
  3783 | D:3      | Reached XP level 5. HP: 8/31 MP: 5/5
  3799 | D:3      | Reached skill level 1 in Armour
  4195 | D:4      | Found a basalt altar of Yredelemnul.
  4357 | D:4      | Reached XP level 6. HP: 3/36 MP: 6/6
  4645 | D:4      | Found a runed translucent gate.
  4649 | D:4      | Found a runed translucent gate.
  4650 | D:4      | Found a runed translucent gate.
  4655 | D:4      | Noticed siradein's ghost (amateur DsGl)
  4942 | D:5      | Entered Level 5 of the Dungeon
  4953 | D:5      | HP: 1/36 [iguana (12)]
  4953 | D:5      | Mangled by an iguana

Illustrated notes

Levels and vault maps discovered:
D:1:      lemuel_arrival_room, layout_basic, ebering_ecumenical_altar_hall
D:2:      layout_loops_ring, serial_forest, infiniplex_forest_lined_room_,
          infiniplex_forest_straight_2, infiniplex_forest_fountain,
          infiniplex_forest_lined_2, infiniplex_forest_split,
          infiniplex_forest_clump_diagonal
D:3:      layout_basic, lemuel_coloured_pillars_altar, uniq_terence
D:4:      layout_basic, nicolae_yredelemnul_corpse_copse,
          minmay_temple_entry_overgrown, nicolae_ossuary_entry_false_entrances,
          gammafunk_ghost_nasty_kobolds, nicolae_alphabet_shops
D:5:      layout_basic, lemuel_mausoleum_altar_kikubaaqudgha, uniq_blork_the_orc

Skill      XL: |  1  2  3  4  5 |
---------------+----------------+-----
Crossbows      | 5 6 |  6.5
Stealth        | 2 3 |  3.2
Short Blades   | 1 2 |  2.8
Armour         | 1 |  1.6
Fighting       | |  2.7
Dodging        | |  2.9

Action                   |  1- 3 |  4- 6 || total
-------------------------+-------+-------++-------
Melee: Short sword       |       |   754 ||   754
 Fire: Hand crossbow     |    73 |    15 ||    88
Throw: Boomerang         |       |     9 ||     9
  Use: Scroll            |       |     5 ||     5
       Potion            |       |     1 ||     1
 Stab: Sleeping          |       |    11 ||    11
Armor: Leather armour    |     4 |    33 ||    37
Dodge: Dodged            |     9 |   110 ||   119

Table legend: (Time is in decaauts)
 A = Elapsed time spent in this place.
 B = Non-inter-level travel time spent in this place.
 C = Inter-level travel time spent in this place.
 D = Time resting spent in this place.
 E = Time spent auto-exploring this place.
 F = Levels seen in this place.
 G = Mean time per level.
                   A        B        C        D        E       F      G
               +--------+--------+--------+--------+--------+-----+--------+
         Total |   5038 |   4922 |    116 |    976 |   2238 |   5 | 1007.6 |
       Dungeon |   5038 |   4922 |    116 |    976 |   2238 |   5 | 1007.6 |
               +--------+--------+--------+--------+--------+-----+--------+

Top non-repeatable levels by time:
     D:3: 1667 daAuts
     D:2: 1627 daAuts
     D:1: 914 daAuts
     D:4: 817 daAuts
     D:5: 11 daAuts
